 Seeded DCSS version 0.27-a0-988-g25969acef8 (webtiles) character file.

Game seed: 20210415 (custom seed)

32 muata the Magician (level 3, -5/27 HPs)
             Began as a Djinni Transmuter on Apr 15, 2021.
             Slain by Natasha (6 damage)
             ... on level 2 of the Dungeon.
             The game lasted 00:05:03 (2196 turns).

muata the Magician (Djinni Transmuter)              Turns: 2196, Time: 00:05:03

Health: -5/27      AC:  3    Str:  9    XL:     3   Next: 25%
Gold:   77         EV: 12    Int: 15    God:
                   SH:  0    Dex: 13

rFire    + + .     SeeInvis .   e - +0 dagger
rCold    x . .     Faith    .   (no shield)
rNeg     . . .     Spirit   .   a - +0 robe
rPois    ∞         Reflect  .   (helmet currently unavailable)
rElec    .         Harm     .   (no cloak)
rCorr    .         Rampage  .   i - +0 pair of gloves
Will     .....                  (boots unavailable)
Stlth    +.........             (no amulet)
HPRegen  0.09/turn              (no ring)
MPRegen  0.00/turn              (no ring)

@: appendages (expiring), wereblooded, flying
A: horns 2, flying, fire resistance 2, cold vulnerability 1, float, innate
caster, hp casting, extra vitality 1
a: End Transformation


You were on level 2 of the Dungeon.
You had temporarily grown beastly horns.
You visited 1 branch of the dungeon, and saw 2 of its levels.

You collected 77 gold pieces.

Inventory:

Hand Weapons
 e - a +0 dagger (weapon)
Missiles
 d - 27 stones (quivered)
Armour
 a - a +0 robe (worn)
 i - a +0 pair of gloves (worn)
Jewellery
 g - an amulet of magic regeneration
Scrolls
 c - a scroll of noise {unknown}
 h - a scroll of immolation {unknown}
 j - a scroll of holy word {unknown}
Potions
 b - a potion of lignification {unknown}
 f - a potion of magic {unknown}


   Skills:
 - Level 1.0 Fighting
 - Level 2.1 Dodging
 - Level 3.0 Unarmed Combat
 + Level 3.1 Spellcasting


You couldn't memorise any spells.
You knew the following spells:

 Your Spells              Type           Power      Damage    Failure   Level
a - Beastly Appendage     Tmut           22%        N/A       5%          1
b - Wereblood             Tmut           11%        N/A       9%          2
c - Spider Form           Tmut/Pois      5%         N/A       17%         3
d - Ice Form              Ice/Tmut       11%        N/A       50%         4
e - Hydra Form            Tmut           5%         N/A       83%         5
f - Foxfire               Conj/Fire      44%        2x1d6     5%          1
Your spell library was empty.

Dungeon Overview and Level Annotations

Branches:
Dungeon (2/15)

Altars:

Annotations:
D:2 Natasha


Innate Abilities, Weirdness & Mutations

You have temporarily grown beastly horns.
You are flying.
You are immune to poison.
Your flesh is very heat resistant. (rF++)
You are vulnerable to cold. (rC-)
You float through the air rather than walking.
You learn spells naturally, not from books.
Your magical power is your life essence.
You have superior vitality. (+4 HP)


Message History

j - a scroll labelled EKHLET HENEFIABRY
There are no items here.
You now have 77 gold pieces (gained 17).
You start putting on your armour.
You continue putting on your +0 pair of gloves. x4
You finish putting on your +0 pair of gloves.
Natasha, Servant of Life and Death comes into view.
Natasha hisses angrily.
Casting: Beastly Appendage (safe; 5% risk of failure)
Confirm with . or Enter, or press ? or * to list all spells.
Your blood is infused with primal strength.
Natasha hisses.
Casting: Wereblood (safe; 9% risk of failure)
Confirm with . or Enter, or press ? or * to list all spells.
You grow a pair of large bovine horns.
You barely miss Natasha. Natasha claws you!
You hit Natasha but do no damage. Natasha closely misses you.
You hit Natasha but do no damage.
Your transformation is almost over.
Natasha casts a spell.
You hit Natasha.
Natasha is lightly wounded.
Natasha claws you.
You barely miss Natasha. Your headbutt misses Natasha.
Natasha is lightly wounded.
Natasha misses you.
You hit Natasha.
Natasha is lightly wounded.
Natasha mumbles some strange words.
You feel troubled. Natasha claws you!
* * * LOW HITPOINT WARNING * * *
You hit Natasha. You headbutt Natasha!
Natasha is almost dead.
Natasha claws you.
* * * LOW HITPOINT WARNING * * *
You hit Natasha but do no damage. Your headbutt misses Natasha.
Natasha is almost dead.
Natasha claws you.
You die...

.##...............#.###
....#......≈.....#..#
##..##....≈⌠≈...##.##
#...######..##....#
#.#.<.# .######.#
#.###.## ##.# ..
#..###.## ##..# ..#
##......# #..## ##
######..##@## #h# #5#
..# ..# ##.# ..# .##


You could see Natasha and a white imp (summoned).

Vanquished Creatures
  3 endoplasms (D:1)
  A giant cockroach (D:1)
  5 goblins
  2 hobgoblins (D:1)
  3 jackals (D:1)
  2 quokkas
  5 ball pythons
  2 bats (D:1)
  4 frilled lizards
  A rat (D:2)
28 creatures vanquished.

Notes
Turn   | Place    | Note
-------+----------+-------------------------------------------
     0 | D:1      | muata the Djinni Transmuter began the quest for the Orb.
     0 | D:1      | Reached XP level 1. HP: 17/17 MP: 0/0
   388 | D:1      | Reached XP level 2. HP: 21/22 MP: 0/0
  1499 | D:1      | Reached XP level 3. HP: 24/27 MP: 0/0
  1499 | D:1      | Learned a level 1 spell: Foxfire
  2185 | D:2      | Noticed Natasha
  2195 | D:2      | HP: 1/27 [Natasha (4)]
  2196 | D:2      | Slain by Natasha

Illustrated notes

Levels and vault maps discovered:
D:1:      elethiomel_arrival_shortcut, layout_basic, dk_noncrumbling_3
D:2:      layout_rooms, kennysheep_decorative_pillar, kennysheep_generic_room_6,
          uniq_natasha, uniq_robin

Skill      XL: |  1  2  3 |
---------------+----------+-----
Spellcasting   | 2 3 |  3.1
Fighting       | |  1.0
Dodging        | |  2.1
Unarmed Combat | |  3.0

Action                   || total
-------------------------++-------
Melee: Unarmed           ||    37
       Headbutt          ||    13
       Dagger            ||    92
       Punch             ||     2
Throw: Stone             ||    10
 Cast: Beastly Appendage ||    21
       Wereblood         ||     1
Armor: Robe              ||    36
Dodge: Dodged            ||    88

Table legend: (Time is in decaauts)
 A = Elapsed time spent in this place.
 B = Non-inter-level travel time spent in this place.
 C = Inter-level travel time spent in this place.
 D = Time resting spent in this place.
 E = Time spent auto-exploring this place.
 F = Levels seen in this place.
 G = Mean time per level.
                   A        B        C        D        E       F      G
               +--------+--------+--------+--------+--------+-----+--------+
         Total |   2194 |   2113 |     81 |    708 |   1021 |   2 | 1097.0 |
       Dungeon |   2194 |   2113 |     81 |    708 |   1021 |   2 | 1097.0 |
               +--------+--------+--------+--------+--------+-----+--------+

Top non-repeatable levels by time:
     D:1: 1965 daAuts
     D:2: 228 daAuts
